 Dungeon Crawl Stone Soup version 0.27.1-15-g792fb953b9 (webtiles) character file.

Game seed: 4967249526499393984

23802 AltoTato the Spear-Bearer (level 12, -2/113 HPs)
             Began as a Grey Draconian Berserker on Nov 20, 2021.
             Was a Priest of Trog.
             Slain by a guardian serpent (shapeshifter) (18 damage)
             ... on level 13 of the Dungeon.
             The game lasted 00:57:35 (14334 turns).

AltoTato the Spear-Bearer (DrBe)                   Turns: 14334, Time: 00:57:36

Health: -2/113     AC: 16    Str: 24    XL:     12   Next: 75%
Magic:  12/12      EV: 13    Int: 15    God:    Trog [***...]
Gold:   746        SH:  8    Dex: 12    Spells: 11/11 levels left

rFire    + + .     SeeInvis .   l - +9 spear of the Bespelling Saviour {distort, rF+}
rCold    x . .     Faith    .   H - +0 kite shield
rNeg     . . .     Spirit   .   (armour unavailable)
rPois    .         Reflect  .   (helmet restricted)
rElec    .         Harm     .   u - scarf {+Inv}
rCorr    .         Rampage  .   p - +1 pair of gloves of Utyfrit {Will+}
Will     +++..                  C - +0 pair of boots of the First Seas {Int+2}
Stlth    +++.......             (no amulet)
HPRegen  1.28/turn              h - +6 ring of intelligence
MPRegen  0.13/turn              w - ring of fire

@: strong-willed, on berserk cooldown, regenerating, slowed, very slow
A: AC +13, amphibious, unfitting armour, cold-blooded
a: Renounce Religion, Evoke Invisibility, Berserk, Trog's Hand


You were on level 13 of the Dungeon.
You worshipped Trog.
Trog was most pleased with you.
You visited 1 branch of the dungeon, and saw 13 of its levels.

You collected 746 gold pieces.

Inventory:

Hand Weapons
 i - a +1 spear of draining
 l - the +9 spear of the Bespelling Saviour (weapon) {distort, rF+}
   (You found it on level 9 of the Dungeon)

   It warps and distorts space around it, and may blink, banish, or inflict
   extra damage upon those it strikes.
   Unwielding it can cause banishment or high damage.
   rF:        It protects you from fire.
 A - the +7 hunting sling of Yesterday {vorpal, rN++ Str+6 Int-4}
   (You found it on level 9 of the Dungeon)

   Any ammunition fired from it inflicts extra damage upon your enemies.
   Str:       It affects your strength (+6).
   Int:       It affects your intelligence (-4).
   rN:        It greatly protects you from negative energy.
 D - a +1 vampiric war axe
Missiles
 b - 80 sling bullets
 x - a throwing net
 B - 20 poisoned darts (quivered)
Armour
 p - the +1 pair of gloves of Utyfrit (worn) {Will+}
   (You found it on level 7 of the Dungeon)

   Will:      It increases your willpower.
 u - a scarf of invisibility (worn)
 C - the +0 pair of boots of the First Seas (worn) {Int+2}
   (You found it on level 10 of the Dungeon)

   Int:       It affects your intelligence (+2).
 H - a +0 kite shield (worn)
Jewellery
 h - a +6 ring of intelligence (left hand)
 w - a ring of fire (right hand)
Wands
 f - a wand of mindburst (19)
 q - a wand of iceblast (6)
 t - a wand of paralysis (17)
 F - a wand of charming (9)
 G - a wand of flame (19)
Scrolls
 c - a scroll of teleportation
 d - 3 scrolls of fear
 e - 4 scrolls of torment
 k - a scroll of blinking
 n - 2 scrolls of fog
 v - a scroll of noise
 y - 3 scrolls of magic mapping
 I - a scroll of identify
Potions
 a - 9 potions of curing
 g - 2 potions of haste
 j - a potion of cancellation
 m - 2 potions of mutation
 o - a potion of brilliance
 r - 3 potions of attraction
 s - 3 potions of flight
 z - 2 potions of berserk rage
 E - a potion of resistance {unknown}


   Skills:
 * Level 12.3 Fighting
 * Level 13.2 Polearms
 + Level 1.4 Throwing
 * Level 10.8 Dodging
 + Level 5.9 Stealth
 + Level 0.2 Shields
 + Level 1.1 Evocations


You had 11 spell levels left.
You didn't know any spells.
Your spell library contained the following spells:

 Spells                   Type           Power      Damage    Failure   Level
 Ensorcelled Hibernation  Hex/Ice        0%         N/A       95%         2
 Slow                     Hex            0%         N/A       95%         2
 Call Canine Familiar     Summ           0%         N/A       99%         3
 Confusing Touch          Hex            0%         N/A       99%         3
 Dazzling Flash           Conj/Hex       0%         N/A       99%         3
 Gell's Gravitas          Tloc           0%         N/A       99%         3
 Lesser Beckoning         Tloc           0%         N/A       99%         3
 Portal Projectile        Hex/Tloc       0%         N/A       99%         3
 Spider Form              Tmut/Pois      0%         N/A       99%         3
 Teleport Other           Tloc           0%         N/A       99%         3
 Vampiric Draining        Necr           0%         2d6       99%         3
 Leda's Liquefaction      Hex/Erth       0%         N/A       100%        4
 Agony                    Necr           0%         N/A       100%        5
 Silence                  Hex/Air        0%         N/A       100%        5
 Shadow Creatures         Summ           N/A        N/A       100%        6


Dungeon Overview and Level Annotations

Branches:
Dungeon (13/15)            Temple (0/1) D:6            Lair (0/6) D:10
    Orc (0/2) D:10
 Vaults: D:13-14

Altars:
Cheibriados
Dithmenos
Hepliaklqana
Makhleb
Okawaru
Uskayaw
Wu Jian
Yredelemnul
Zin
Beogh

Annotations:
D:8 2 transporters, ders's ghost, novice MiBe
D:9 4 runed translucent doors
Abyss:1 Maurice


Innate Abilities, Weirdness & Mutations

Your dull iron-grey scales are very hard. (AC +13)
You are amphibious.
You cannot fit into any form of body armour.
You are cold-blooded and may be slowed by cold attacks.


Message History

You puncture the meliai!
The meliai is moderately wounded.
The meliai blinks!
The meliai hits you with a +0 war axe! You block the meliai's attack.
The meliai misses you. The meliai closely misses you.
You puncture the meliai!
The meliai is heavily wounded.
The meliai blinks!
The meliai calls down the wrath of its god upon you.
Something smites you!
You are too injured to fight recklessly!
You are no longer berserk.
You are exhausted.
You feel yourself slow down.
The meliai mumbles some strange prayers to its god against you.
Something smites you!
Things that are here:
a +0 hand axe; a +0 leather armour; a meliai corpse You are too injured to fight recklessly!
The meliai calls upon its god to heal the meliai.
The meliai's wounds heal themselves!
You block the guardian serpent's attack.
Your skin crawls.
You feel strong-willed.
You block the guardian serpent's attack. x2
The meliai closely misses you. The meliai stings you!
The meliai calls upon its god to heal the meliai.
The meliai is healed somewhat.
The guardian serpent misses you.
The meliai invokes the aid of its god against you.
Something smites you!
* * * LOW HITPOINT WARNING * * *
The meliai invokes the aid of its god against you.
Something smites you!
* * * LOW HITPOINT WARNING * * *
The guardian serpent hits you but does no damage.
The meliai closely misses you. The meliai stings you.
* * * LOW HITPOINT WARNING * * *
You feel better. The meliai barely misses you. You block the meliai's attack.
The guardian serpent hits you!!
You die...

#.............. ...
##.............. #..##
#............... ....
#..............
#...###..............
#.............#...#
####...........###.##
##.##.S...!......#...#
#....@yy.#.....#...#..
#...######.#..###.###.
##...#.## ###...#...#..
##.......# #.#...#...#
##........# ####.###.##
#.........#####.#...#...#
###...............#...#..
##.#.(.......##...###.###.
##............##....#...#..


You could see a guardian serpent and 2 meliai.

Vanquished Creatures
  Harold (D:7)
  2 hydras (D:11)
  Erolcha (D:12)
  A centaur warrior (D:13)
  4 two-headed ogres
  The ghost of Stomo444 the Cudgeller, a novice VSMo of Ru (D:10)
  A deep elf pyromancer (D:12)
  3 cyclopes
  2 ugly things
  A manticore (D:12)
  3 gargoyles
  Maggie (D:7)
  2 unseen horrors
  2 freezing wraiths (D:12)
  A kobold demonologist (D:12)
  A meliai (D:13)
  2 trolls
  A hornet (D:9)
  Grinder (D:6)
  2 shadows
  5 wraiths
  5 yaks
  A wyvern (D:9)
  5 vampire mosquitoes
  Edmund (D:4)
  2 water moccasins
  An acid dragon (D:11)
  5 orc warriors
  A black bear (D:7)
  3 ice beasts
  A necrophage (D:5)
  4 wolves (D:10)
  3 ogres
  6 centaurs
  Blork the orc (D:6)
  A kobold brigand (D:9)
  A bullfrog (D:9)
  2 scorpions
  A water moccasin skeleton (D:4)
  A wyvern skeleton (D:6)
  14 killer bees
  A wight (D:9)
  3 electric eels (D:10)
  A howler monkey (D:12)
  6 centaur zombies
  10 orc priests
  A jelly (D:6)
  8 hounds
  2 gnoll shamans
  A centaur skeleton (D:6)
  3 iguanas
  21 orc wizards
  Robin (D:2)
  2 howler monkey zombies
  10 gnolls
  3 adders
  4 white imps
  An ufetubus (D:5)
  A worm (D:4)
  6 dart slugs
  68 orcs
  4 ball pythons
  3 bats
  5 endoplasms
  3 giant cockroaches (D:1)
  16 goblins
  13 hobgoblins
  5 jackals
  6 quokkas
  4 kobolds
  8 rats
317 creatures vanquished.

Vanquished Creatures (collateral kills)
  A death knight (D:12)
  A skeletal warrior (D:12)
  2 orcs (D:12)
4 creatures vanquished.

Grand Total: 321 creatures vanquished

Notes
Turn   | Place    | Note
-------+----------+-------------------------------------------
     0 | D:1      | AltoTato the Draconian Berserker began the quest for the
                  | Orb.
     0 | D:1      | Reached XP level 1. HP: 19/19 MP: 1/1
   192 | D:1      | Reached XP level 2. HP: 23/26 MP: 2/2
   460 | D:1      | Reached XP level 3. HP: 29/33 MP: 3/3
   630 | D:1      | Found a faded altar of an unknown god.
  1288 | D:2      | Noticed Robin
  1290 | D:2      | Reached ** piety under Trog
  1305 | D:2      | Reached XP level 4. HP: 40/40 MP: 4/4
  1321 | D:2      | Killed Robin
  1322 | D:2      | Reached skill level 4 in Polearms
  1515 | D:2      | Found an iron altar of Okawaru.
  3023 | D:4      | Reached XP level 5. HP: 46/46 MP: 5/5
  3106 | D:4      | Reached skill level 5 in Polearms
  3451 | D:4      | Found a burning altar of Makhleb.
  3451 | D:4      | Noticed a cacodemon
  3455 | D:4      | Noticed a hellwing
  3455 | D:4      | Noticed an orange demon
  3596 | D:4      | Reached skill level 1 in Stealth
  3741 | D:4      | Reached XP level 6. HP: 53/53 MP: 6/6
  4141 | D:4      | Reached *** piety under Trog
  4248 | D:4      | Reached skill level 5 in Fighting
  4248 | D:4      | Reached skill level 6 in Polearms
  4248 | D:4      | Your scales start taking on a dull iron-grey colour.
  4248 | D:4      | Reached XP level 7. HP: 49/61 MP: 7/7
  4565 | D:4      | Noticed Edmund
  4580 | D:4      | Killed Edmund
  4679 | D:5      | Entered Level 5 of the Dungeon
  4858 | D:5      | Reached skill level 7 in Polearms
  4974 | D:5      | Reached XP level 8. HP: 70/70 MP: 8/8
  5121 | D:5      | Reached skill level 5 in Dodging
  5321 | D:6      | Reached skill level 8 in Polearms
  5640 | D:6      | Found a snail-covered altar of Cheibriados.
  5641 | D:6      | Found a glowing silver altar of Zin.
  5642 | D:6      | Noticed Blork the orc
  5642 | D:6      | Found a hazy altar of Hepliaklqana.
  5642 | D:6      | Found an ornate altar of the Wu Jian Council.
  5657 | D:6      | Noticed Grinder
  5660 | D:6      | Killed Blork the orc
  5678 | D:6      | Killed Grinder
  5725 | D:6      | Found a hide-covered altar of Uskayaw.
  5755 | D:6      | Found a staircase to the Ecumenical Temple.
  5968 | D:6      | Identified the +1 chain mail of Oriegg {+Blink SInv Stlth+}
  6013 | D:6      | Noticed a gargoyle
  6036 | D:6      | Killed a gargoyle
  6037 | D:6      | Reached skill level 9 in Polearms
  6037 | D:6      | Reached XP level 9. HP: 74/78 MP: 9/9
  6427 | D:7      | Found Direib's Distillery.
  6435 | D:7      | Identified the +1 pair of gloves of Utyfrit {Will+}
  6592 | D:7      | Found a shadowy altar of Dithmenos.
  6613 | D:7      | Noticed Maggie
  6625 | D:7      | Killed Maggie
  6750 | D:7      | Noticed Harold
  6781 | D:7      | Killed Harold
  6782 | D:7      | Reached skill level 10 in Polearms
  7141 | D:7      | Reached XP level 10. HP: 88/88 MP: 10/10
  7397 | D:8      | Reached **** piety under Trog
  7466 | D:8      | Found a transporter.
  7467 | D:8      | Noticed ders's ghost (novice MiBe)
  7473 | D:8      | Found a transporter.
  8043 | D:9      | Reached skill level 11 in Polearms
  8136 | D:9      | Noticed a white ugly thing
  8138 | D:9      | Found a large runed translucent door.
  8139 | D:9      | Found a large runed translucent door.
  8140 | D:9      | Found a large runed translucent door.
  8140 | D:9      | Found a large runed translucent door.
  8463 | D:9      | Identified the +7 hunting sling of Yesterday {vorpal, rN++
                  | Str+6 Int-4}
  9282 | D:9      | Noticed a cyclops
  9290 | D:9      | Killed a cyclops
  9409 | D:9      | Noticed a brown ugly thing
  9448 | D:9      | Killed a brown ugly thing
  9449 | D:9      | Reached XP level 11. HP: 97/97 MP: 11/11
  9460 | D:9      | Identified the +9 spear of the Bespelling Saviour {distort,
                  | rF+}
  9529 | D:10     | Entered Level 10 of the Dungeon
  9832 | D:10     | Found a staircase to the Orcish Mines.
  9861 | D:10     | Noticed a two-headed ogre
  9878 | D:10     | Killed a two-headed ogre
  9879 | D:10     | Reached skill level 12 in Polearms
 10612 | D:10     | Found a staircase to the Lair.
 10718 | D:10     | Found a runed translucent gate.
 10718 | D:10     | Found a runed translucent gate.
 10718 | D:10     | Found a runed translucent gate.
 10718 | D:10     | Noticed Stomo444's ghost (novice VSMo)
 10720 | D:10     | Found a basalt altar of Yredelemnul.
 10740 | D:10     | Reached skill level 10 in Fighting
 10950 | D:10     | Identified the +0 pair of boots of the First Seas {Int+2}
 11149 | D:10     | Killed Stomo444's ghost
 11621 | D:11     | Noticed a seven-headed hydra
 11627 | D:11     | Killed a seven-headed hydra
 11900 | D:11     | Noticed a five-headed hydra
 11900 | D:11     | Noticed a two-headed ogre
 11905 | D:11     | Killed a two-headed ogre
 11910 | D:11     | Killed a five-headed hydra
 12072 | D:12     | Noticed a two-headed ogre
 12100 | D:11     | Killed a two-headed ogre
 12101 | D:11     | Reached skill level 10 in Dodging
 12101 | D:11     | Reached skill level 5 in Stealth
 12101 | D:11     | Reached XP level 12. HP: 65/110 MP: 12/12
 12339 | D:12     | Noticed Maurice
 12348 | D:12     | Banished Maurice
 12417 | D:12     | Found a glowing silver altar of Zin.
 12458 | D:12     | Noticed Erolcha
 12467 | D:12     | Killed Erolcha
 12468 | D:12     | Reached skill level 1 in Evocations
 12723 | D:12     | Reached skill level 1 in Throwing
 12728 | D:12     | Reached skill level 13 in Polearms
 12837 | D:12     | Noticed a death knight
 12881 | D:12     | Killed a death knight
 12954 | D:12     | Noticed a two-headed ogre
 12962 | D:12     | Killed a two-headed ogre
 13651 | D:13     | Noticed a centaur warrior
 13943 | D:13     | Killed a centaur warrior
 14334 | D:13     | Slain by a guardian serpent (shapeshifter)

Illustrated notes

Levels and vault maps discovered:
D:1:      minmay_arrival_stone_box, layout_basic,
          ebering_ecumenical_altar_petrified
D:2:      layout_loops_corners, basic_altar, corexii_shack, uniq_robin
D:3:      layout_basic, kennysheep_decorative_pillar
D:4:      minmay_inner_zag, layout_loops_ring, makhleb_altar_promises_db,
          minmay_surrounded, uniq_edmund
D:5:      cheibrodos_quashed, layout_rooms
D:6:      layout_basic, grunt_temple_overflow_open, minmay_temple_entry_wispy,
          kennysheep_generic_room_6, uniq_blork_the_orc, uniq_grinder
D:7:      layout_loops_cross, grunt_dithmenos_smoke, serial_shops, shop,
          uniq_maggie, uniq_harold
D:8:      layout_cave_pools, gammafunk_ghost_smash, chequers_decorated_corner
D:9:      layout_basic, minmay_hollow_rounded_squares
D:10:     layout_roguey [special_room_orc], nicolae_yredelemnul_ghost_church,
          erik_lair_island, orc_0_dummy, ebering_dispersal_statue_hall
D:11:     layout_roguey
D:12:     minmay_skewed_foursquare, layout_stronghold, st_stairs_10,
          zin_treasury, uniq_maurice, uniq_erolcha
D:13:     layout_cave_pools, gammafunk_ghost_grave, kennysheep_doodads,
          uniq_jorgrun

Skill      XL: |  1  2  3  4  5  6  7  8  9 10 11 12 |
---------------+-------------------------------------+-----
Dodging        | 3 4 6 7 8 10 | 10.8
Fighting       | 4 5 6 8 9 11 12 | 12.3
Polearms       | 4 5 6 7 9 10 11 12 13 | 13.2
Stealth        | 1 2 3 5 |  5.9
Evocations     | 1 |  1.1
Throwing       | 1 |  1.4
Shields        | |  0.2

Action                   |  1- 3 |  4- 6 |  7- 9 | 10-12 || total
-------------------------+-------+-------+-------+-------++-------
Melee: Spear             |   113 |   212 |   380 |   660 ||  1365
       Tailslap          |    11 |    16 |    72 |    75 ||   174
Throw: Dart              |       |       |       |     9 ||     9
       Throwing net      |       |       |       |     2 ||     2
Invok: Berserk           |     1 |     5 |     9 |    20 ||    35
       Trog's Hand       |       |     1 |     5 |    25 ||    31
       Brothers in Arms  |       |       |       |     1 ||     1
Evoke: Wand              |       |       |       |     5 ||     5
  Use: Scroll            |     3 |     4 |     6 |     8 ||    21
       Potion            |       |       |       |     2 ||     2
 Stab: Sleeping          |     2 |     7 |     2 |    11 ||    22
       Distracted        |       |       |       |     2 ||     2
Armor: Skin              |    11 |    50 |    99 |   161 ||   321
Dodge: Dodged            |    37 |    95 |   159 |   227 ||   518
Block: Kite shield       |       |       |       |    25 ||    25
